 Dungeon Crawl Stone Soup version 0.28-a0-691-gad6df49e81 (webtiles) character file.

Game seed: 10904638885709763524

307 Anon1729 the Insei (level 5, -3/41 HPs)
             Began as a Demigod Transmuter on Oct 21, 2021.
             Killed by divine providence
             ... invoked by an orc priest
              (13 damage)
             ... on level 2 of the Dungeon.
             The game lasted 00:05:03 (3979 turns).

Anon1729 the Insei (Demigod Transmuter)             Turns: 3979, Time: 00:05:04

Health: -3/41      AC:  6    Str: 11    XL:     5   Next: 94%
Magic:  10/11      EV: 12    Int: 19    God:
Gold:   76         SH:  0    Dex: 14    Spells: 3/9 levels left

rFire   . . .      SeeInvis .     - Unarmed
rCold   . . .      Faith    .   (no shield)
rNeg    . . .      Spirit   .   h - +3 leather armour
rPois   .          Reflect  .   (helmet currently unavailable)
rElec   .          Harm     .   (no cloak)
rCorr   .          Rampage  .   (no gloves)
Will    .....                   (boots currently unavailable)
Stlth   +.........              (no amulet)
HPRegen 0.13/turn               (no ring)
MPRegen 0.12/turn               (no ring)

@: appendages
A: horns 2, talons 2, high mp 1, forlorn
a: End Transformation


You were on level 2 of the Dungeon.
You had temporarily grown beastly horns and talons.
You visited 1 branch of the dungeon, and saw 3 of its levels.

You collected 76 gold pieces.

Inventory:

Armour
 a - a +0 robe
 h - a +3 leather armour (worn)
Scrolls
 b - a scroll of vulnerability
 c - 2 scrolls of teleportation
Potions
 g - a potion of heal wounds
 i - a potion of magic


   Skills:
 + Level 2.2 Fighting
 + Level 2.9 Dodging
 * Level 4.2 Unarmed Combat
 + Level 2.6 Spellcasting
 * Level 2.9 Transmutations


You had 3 spell levels left.
You knew the following spells:

 Your Spells              Type           Power      Damage    Failure   Level
a - Beastly Appendage     Tmut           26%        N/A       6%          1
b - Wereblood             Tmut           13%        N/A       10%         2
c - Spider Form           Tmut/Pois      4%         N/A       34%         3

Your spell library contained the following spells:

 Spells                   Type           Power      Damage    Failure   Level
 Ice Form                 Ice/Tmut       8%         N/A       75%         4
 Cause Fear               Hex            1%         N/A       90%         4
 Dragon Form              Tmut           6%         N/A       100%        7
 Dragon's Call            Summ           1%         N/A       100%        9


Dungeon Overview and Level Annotations

Branches:
Dungeon (3/15)

Shops:
D:1 [


Innate Abilities, Weirdness & Mutations

You have temporarily grown beastly horns and talons.
Your attributes grow dramatically as you level up.
You have an increased reservoir of magic. (+10% MP)
You shall have no god before yourself.


Message History

The endoplasm freezes you.
You are frozen.
You hit the orc priest but do no damage.
Your kick misses the orc priest.
The orc priest mumbles some strange prayers to Beogh against you.
Beogh smites you!
The endoplasm hits you but does no damage.
You are too injured to fight recklessly!
You are too injured to fight recklessly!
You are too injured to fight recklessly!
You are too injured to fight recklessly!
You are too injured to fight recklessly!
You are too injured to fight recklessly!
You are too injured to fight recklessly!
You are too injured to fight recklessly!
You are too injured to fight recklessly!
You are too injured to fight recklessly!
You are too injured to fight recklessly!
You are too injured to fight recklessly!
You are too injured to fight recklessly!
You are too injured to fight recklessly!
You are too injured to fight recklessly!
You hit the orc priest but do no damage.
The orc priest hits you but does no damage.
The endoplasm hits you.
You hit the orc priest. You claw the orc priest.
The orc priest is moderately wounded.
The orc priest hits you but does no damage.
The endoplasm barely misses you.
You closely miss the orc priest. You claw the orc priest!
The orc priest is almost dead.
The orc priest hits you with a +0 mace.
* * * LOW HITPOINT WARNING * * *
The endoplasm closely misses you.
You barely miss the orc priest.
You claw the orc priest, but do no damage.
The orc priest is almost dead.
The orc priest mumbles some strange prayers to Beogh against you.
Beogh smites you!
You die...

#....... #....... #.######
######### #.#....# #.......#
#.#.##.# #########.#####.#
#.#.##.# ..........#...#.#
##.#.##.#
#######...#.#.#.#########..#.##.#
#...#.#.#J@..........'.##..
#...#.#.#.o..#########...##
######...#.#.#....# ##......
#..........#......#######..#...#
#.######..###.............###.8.
#.# #.## ###...#########.##.8 #.#
#.# #...# ##.8.##. #.# #.# #...#
##.8.8.## #.# #.# #...#
##.8.#.8.#


You could see an orc priest and an endoplasm.

Vanquished Creatures
  Sigmund (D:2)
  An orc priest (D:2)
  An orc wizard (D:2)
  5 adders
  2 worms (D:2)
  2 orcs
  3 bats
  4 endoplasms
  3 giant cockroaches
  4 goblins
  7 hobgoblins
  4 jackals
  2 quokkas (D:2)
  2 ball pythons (D:2)
  2 frilled lizards
  8 kobolds
  6 rats
57 creatures vanquished.

Notes
Turn   | Place    | Note
-------+----------+-------------------------------------------
     0 | D:1      | Anon1729 the Demigod Transmuter began the quest for the
                  | Orb.
     0 | D:1      | Reached XP level 1. HP: 15/15 MP: 5/5
   256 | D:1      | Reached skill level 1 in Fighting
   841 | D:1      | Reached XP level 2. HP: 19/23 MP: 7/7
   916 | D:1      | Found Goonoevuym's Armour Shoppe.
  1143 | D:1      | Reached skill level 3 in Unarmed Combat
  1978 | D:2      | Reached XP level 3. HP: 15/28 MP: 6/8
  2590 | D:2      | Noticed Sigmund
  2676 | D:2      | Learned a level 2 spell: Wereblood
  2680 | D:2      | Learned a level 3 spell: Spider Form
  2735 | D:2      | Killed Sigmund
  2736 | D:2      | Reached XP level 4. HP: 36/36 MP: 6/10
  2736 | D:2      | Reached XP level 5. HP: 41/41 MP: 6/11
  3057 | D:2      | Reached skill level 4 in Unarmed Combat
  3795 | D:2      | HP: 2/41 [poisoned by an orc]
  3979 | D:2      | Killed from afar by an orc priest

Illustrated notes

Levels and vault maps discovered:
D:1:      saegor_arrival_simple_c, layout_basic, serial_shops, shop
D:2:      minmay_inner_zag, layout_basic, serial_co_window_serial,
          co_window_of_opportunity_a, co_window_corner_a, co_window_paths_a,
          co_window_paths_a, co_window_paths_b, co_window_broadway_a,
          co_window_of_opportunity_b, co_window_of_opportunity_b,
          co_window_cross_2, co_window_of_opportunity_c,
          co_window_of_opportunity_c, co_window_broadway_b, co_window_paths_d,
          glass_columns_b, minmay_close_crescents, uniq_sigmund
D:3:      layout_rooms, ebering_ecumenical_altar_sacrificial

Skill      XL: |  1  2  3  4  5 |
---------------+----------------+-----
Fighting       | 1 2 |  2.2
Dodging        | 2 |  2.9
Spellcasting   | 2 |  2.6
Unarmed Combat | 3 4 |  4.2
Transmutations | 2 |  2.9

Action                   |  1- 3 |  4- 6 || total
-------------------------+-------+-------++-------
Melee: Unarmed           |   124 |    71 ||   195
       Kick              |     9 |    23 ||    32
       Headbutt          |     5 |    12 ||    17
       Punch             |     1 |     1 ||     2
 Cast: Beastly Appendage |    12 |     7 ||    19
       Spider Form       |     1 |       ||     1
  Use: Potion            |     2 |     3 ||     5
       Scroll            |       |     3 ||     3
Armor: Robe              |    12 |       ||    12
       Leather armour    |     6 |    18 ||    24
Dodge: Dodged            |    61 |    36 ||    97

Table legend: (Time is in decaauts)
 A = Elapsed time spent in this place.
 B = Non-inter-level travel time spent in this place.
 C = Inter-level travel time spent in this place.
 D = Time resting spent in this place.
 E = Time spent auto-exploring this place.
 F = Levels seen in this place.
 G = Mean time per level.
                   A        B        C        D        E       F      G
               +--------+--------+--------+--------+--------+-----+--------+
         Total |   3971 |   3890 |     81 |    998 |   2371 |   3 | 1323.7 |
       Dungeon |   3971 |   3890 |     81 |    998 |   2371 |   3 | 1323.7 |
               +--------+--------+--------+--------+--------+-----+--------+

Top non-repeatable levels by time:
     D:2: 2398 daAuts
     D:1: 1484 daAuts
     D:3: 89 daAuts
